 Dungeon Crawl Stone Soup version 0.23.2-33-g5129a83184 (webtiles) character file.

Game seed: 800933043580420781

102 kae the Poker (level 4, -7/35 HPs)
             Began as a Merfolk Gladiator on July 25, 2019.
             Killed from afar by an orc wizard (8 damage)
             ... with a magic dart
             ... on level 3 of the Dungeon.
             The game lasted 00:02:36 (2837 turns).

kae the Poker (Merfolk Gladiator)                   Turns: 2837, Time: 00:02:37

Health: -7/35      AC:  4    Str: 14    XL:     4   Next: 78%
Magic:  4/4        EV: 14    Int:  8    God:
Gold:   111        SH:  0    Dex: 15    Spells: 3/3 levels left

rFire    . . .     SeeInvis .   a - +0 trident
rCold    . . .     Gourm    .   (no shield)
rNeg     . . .     Faith    .   b - +0 leather armour
rPois    .         Spirit   .   c - +0 helmet
rElec    .         Reflect  .   (no cloak)
rCorr    .         Harm     .   (no gloves)
MR       .....                  (no boots)
Stlth    +.........             k - amulet of rage
HPRegen  0.11/turn              h - ring of wizardry
MPRegen  0.09/turn              (no ring)

@: lethally poisoned (-7 -> -25), flying
A: change form in water, swift swim, stealthy swim
a: Evoke Berserk Rage


You were on level 3 of the Dungeon.
You were hungry.

You visited 1 branch of the dungeon, and saw 3 of its levels.

You collected 111 gold pieces.

Inventory:

Hand Weapons
 a - a +0 trident (weapon)
Missiles
 d - 3 throwing nets (quivered)
Armour
 b - a +0 leather armour (worn)
 c - a +0 helmet (worn)
Jewellery
 h - a ring of wizardry (left hand)
 k - an amulet of rage (around neck)
Wands
 i - a wand of iceblast (10)
 n - a wand of disintegration (18)
Scrolls
 e - a scroll of amnesia
Potions
 l - 2 potions of flight
Comestibles
 f - 2 rations


   Skills:
 + Level 3.2 Fighting
 * Level 6.3 Polearms
 - Level 2.0 Throwing
 + Level 4.9 Dodging


You had 3 spell levels left.
You didn't know any spells.
Your spell library was empty.

Dungeon Overview and Level Annotations

Branches:
Dungeon (3/15)

Altars:
Nemelex Xobeh


Message History

You are poisoned.
The bat barely misses you.
You puncture the bat!
You kill the bat!
You feel sick.
The orc hits you from afar with a +2 trident of venom!
* * * LOW HITPOINT WARNING * * *
You are more poisoned.
Okay, then.
* * * LOW HITPOINT WARNING * * *
You feel sick.
* * * LOW HITPOINT WARNING * * *
You feel sick.
* * * LOW HITPOINT WARNING * * *
You feel sick.
* * * LOW HITPOINT WARNING * * *
You feel sick.
The orc wizard points at you and mumbles some strange words.
The magic dart hits you!
You die...

##... #o.)# #..# #...
#o#h# #..# #...##.#.#
#..# #...##o#.. #..#
#...##.##.. #..# #...##.#
..# #..# #...##.# ..#
#..#### #......# ...
#...... #.....@##.# #
#.##### #......#..#< .#
#.# #......#......###.##
###....#.####......#
########......#.#..###..#
+......'.......#.#......#
########...##.####..##..#
###'##......###..#
#....###.....##..#


You could see an orc wizard and an orc.

Vanquished Creatures
  4 adders
  A worm (D:2)
  A dart slug (D:1)
  A leopard gecko (D:1)
  2 orcs (D:3)
  3 ball pythons
  3 giant cockroaches
  6 goblins
  7 hobgoblins
  6 jackals (D:1)
  8 kobolds
  7 bats
  3 frilled lizards
  4 rats
56 creatures vanquished.

Notes
Turn   | Place    | Note
-------+----------+-------------------------------------------
     0 | D:1      | kae the Merfolk Gladiator began the quest for the Orb.
     0 | D:1      | Reached XP level 1. HP: 16/16 MP: 1/1
   121 | D:1      | Reached XP level 2. HP: 23/23 MP: 2/2
   173 | D:1      | Reached skill level 5 in Polearms
   623 | D:1      | Reached XP level 3. HP: 12/28 MP: 3/3
  1551 | D:2      | Reached XP level 4. HP: 34/34 MP: 4/4
  1694 | D:2      | Noticed a sky beast
  1716 | D:2      | HP: 1/35 [something (6)]
  2220 | D:2      | Reached skill level 6 in Polearms
  2221 | D:2      | Found a sparkling altar of Nemelex Xobeh.
  2836 | D:3      | HP: 1/35 [poisoned by an orc]
  2837 | D:3      | Killed from afar by an orc wizard

Skill      XL: |  1  2  3  4 |
---------------+-------------+-----
Polearms       | 5 6 |  6.3
Fighting       | 3 |  3.2
Throwing       | |  2.0
Dodging        | |  4.9

Action                   |  1- 3 |  4- 6 || total
-------------------------+-------+-------++-------
Melee: Trident           |   151 |    83 ||   234
Throw: Throwing net      |       |     4 ||     4
Evoke: Wand              |       |     1 ||     1
  Use: Scroll            |       |     5 ||     5
       Potion            |       |     5 ||     5
 Stab: Sleeping          |       |     2 ||     2
  Eat: Ration            |     1 |       ||     1
       Chunk             |       |     2 ||     2
Armor: Leather armour    |    38 |    25 ||    63
Dodge: Dodged            |   106 |    47 ||   153
